 Dungeon Crawl Stone Soup version 0.26.1-11-gd32895ea62 (webtiles) character file.

Game seed: 11151765740709626222

2750 Mysteryquy the Basher (level 9, -13/55 HPs)
             Began as a Gargoyle Fighter on July 10, 2021.
             Was a Priest of Okawaru.
             Killed from afar by a white imp (15 damage)
             ... with a puff of frost
             ... on level 7 of the Dungeon.
             The game lasted 00:11:33 (7222 turns).

Mysteryquy the Basher (Gargoyle Fighter)            Turns: 7222, Time: 00:11:33

Health: -13/55     AC: 17    Str: 29    XL:     9   Next: 68%
Magic:  9/9        EV: 10    Int: 12    God:    Okawaru [***...]
Gold:   280        SH: 11    Dex:  9    Spells: 8/8 levels left

rFire    + . .     SeeInvis .   t - +1 mace (vorpal)
rCold    x . .     Faith    .   c - +0 kite shield
rNeg     + . .     Spirit   .   b - +0 scale mail
rPois    ∞         Reflect  .   m - +2 hat {Int+3}
rElec    +         Harm     .   (no cloak)
rCorr    .         Rampage  .   (no gloves)
Will     .....                  v - +0 pair of boots
Stlth    ..........             (no amulet)
HPRegen  0.18/turn              u - +6 ring of strength
MPRegen  0.11/turn              y - ring of fire

@: brilliant, marked, hasted, very quick
A: negative energy resistance 1, electricity resistance, unbreathing,
petrification resistance, miasma immunity, AC +6
a: Renounce Religion, Heroism


You were on level 7 of the Dungeon.
You worshipped Okawaru.
Okawaru was most pleased with you.
You visited 2 branches of the dungeon, and saw 8 of its levels.

You collected 280 gold pieces.

Inventory:

Hand Weapons
 a - a +0 flail
 r - a +0 flail
 t - a +1 vorpal mace (weapon)
Armour
 b - a +0 scale mail (worn)
 c - a +0 kite shield (worn)
 m - a +2 hat of intelligence (worn)
 v - a +0 pair of boots (worn)
 D - a +0 helmet
Jewellery
 u - a +6 ring of strength (left hand)
 y - a ring of fire (right hand)
 B - an uncursed ring of magical power {unknown}
Wands
 x - a wand of iceblast (9)
 E - a wand of flame (23)
Scrolls
 f - 2 scrolls of magic mapping {unknown}
 g - a scroll of enchant armour {unknown}
 i - 4 scrolls of teleportation
 j - 6 scrolls of identify
 k - a scroll of amnesia {unknown}
 l - 4 scrolls of noise {unknown}
 n - a scroll of immolation {unknown}
 p - a scroll of fog {unknown}
 q - 2 scrolls of enchant weapon {unknown}
 w - a scroll of blinking {unknown}
 C - a scroll of random uselessness {unknown}
Potions
 d - 2 potions of might
 h - a potion of degeneration {unknown}
 o - a potion of haste
 s - a potion of curing {unknown}
 z - 2 potions of heal wounds {unknown}
 A - a potion of attraction {unknown}
 F - a potion of lignification {unknown}
 G - a potion of invisibility {unknown}


   Skills:
 + Level 6.0 Fighting
 + Level 8.4 Maces & Flails
 + Level 5.9 Armour
 + Level 3.3 Dodging
 + Level 1.5 Stealth
 + Level 7.5 Shields
 + Level 0.1 Invocations


You had 8 spell levels left.
You didn't know any spells.
Your spell library was empty.

Dungeon Overview and Level Annotations

Branches:
Dungeon (7/15)             Temple (1/1) D:4

Altars:
Ashenzari
Cheibriados
Dithmenos
Elyvilon
Fedhas
Gozag
Kikubaaqudgha
Okawaru
Sif Muna
Uskayaw
Vehumet
Wu Jian
Xom
Yredelemnul
Zin
The Shining One

Annotations:
D:4 3 runed translucent doors, tamionv's ghost, amateur OpMo
D:5 Prince Ribbit
D:7 Menkaure


Innate Abilities, Weirdness & Mutations

You are resistant to torment.
Your stone body is resilient. (AC +6)
You are immune to poison.
You resist negative energy. (rN+)
You are resistant to electric shocks. (rElec)
You can survive without breathing.
You are immune to petrification.
You are immune to miasma.


Message History

Things that are here:
3 arrows; a jackal corpse The centaur shoots an arrow.
The arrow hits you.
* * * LOW HITPOINT WARNING * * *
The centaur shoots an arrow.
The arrow hits you.
* * * LOW HITPOINT WARNING * * *
Items here: (( ) ? [ †††.
A white imp comes into view.
The white imp moves out of view.
The centaur unwields a +1 shortbow of flaming.
It stops flaming.
The centaur hits you.
* * * LOW HITPOINT WARNING * * *
It was a potion of brilliance.
You feel clever all of a sudden. The centaur closely misses you.
It was a potion of haste.
You feel yourself speed up. The centaur closely misses you.
The white imp gestures at you. The puff of frost hits you!
You feel a terrible chill!
You die...

# #. .# ##.# ##. #
... .. #.# #.. .# ..
#.. ##M#5#
#$.#####....##.#
#..?(((.@c.....#
#####...###.........
.$......# #.....####
######..####....#
#...##...!.#
#..!.#.##.#####
#.####.##.# # #.##.#
#....#


You could see Menkaure, a centaur and a white imp.

Vanquished Creatures
  Harold (D:7)
  Grinder (D:4)
  Eustachio (D:5)
  3 sky beasts
  An ice beast (D:7)
  A black bear (D:5)
  A necrophage (D:7)
  2 ogres
  A centaur (D:6)
  2 bullfrogs
  3 howler monkeys (D:7)
  A vampire bat (D:3)
  2 jellies
  4 hounds
  An orc wizard (D:4)
  2 orc priests
  A bullfrog skeleton (D:6)
  A centaur skeleton (D:4)
  3 worker ants
  A hound zombie (D:7)
  10 adders
  A shadow imp (D:5)
  A white imp (D:5)
  An ufetubus (D:5)
  An ooze (D:2)
  4 worms
  2 dart slugs (D:2)
  6 leopard geckos
  21 orcs
  3 bats
  2 bat skeletons (D:3)
  3 bat zombies (D:3)
  7 giant cockroaches
  4 goblins
  6 hobgoblins
  19 jackals
  2 quokkas
  3 ball pythons
  5 frilled lizards
  5 kobolds
  A quokka skeleton (D:5)
  9 rats
149 creatures vanquished.

Notes
Turn   | Place    | Note
-------+----------+-------------------------------------------
     0 | D:1      | Mysteryquy the Gargoyle Fighter began the quest for the
                  | Orb.
     0 | D:1      | Reached XP level 1. HP: 14/14 MP: 1/1
   224 | D:1      | Reached XP level 2. HP: 19/19 MP: 2/2
   622 | D:2      | Reached XP level 3. HP: 16/23 MP: 3/3
   726 | D:2      | Found a glowing golden altar of the Shining One.
   931 | D:2      | Reached XP level 4. HP: 28/29 MP: 4/4
  1438 | D:3      | Found a glowing silver altar of Zin.
  1517 | D:3      | Found a broken altar of Ashenzari.
  1722 | D:3      | Found a blossoming altar of Fedhas.
  1755 | D:3      | Found a snail-covered altar of Cheibriados.
  1962 | D:3      | Reached XP level 5. HP: 31/33 MP: 5/5
  1989 | D:3      | Found an ancient bone altar of Kikubaaqudgha.
  1997 | D:3      | Reached skill level 3 in Maces & Flails
  2374 | D:4      | Noticed Grinder
  2402 | D:4      | Killed Grinder
  2403 | D:4      | Reached skill level 4 in Maces & Flails
  2403 | D:4      | Reached skill level 1 in Dodging
  2403 | D:4      | Reached skill level 1 in Stealth
  2403 | D:4      | Reached skill level 5 in Shields
  2403 | D:4      | Reached XP level 6. HP: 12/38 MP: 6/6
  2770 | D:4      | Reached XP level 7. HP: 34/43 MP: 7/7
  2852 | D:4      | Found a staircase to the Ecumenical Temple.
  2859 | D:4      | Found a runed translucent gate.
  2859 | D:4      | Found a runed translucent gate.
  2859 | D:4      | Found a runed translucent gate.
  2904 | Temple   | Entered the Ecumenical Temple
  2956 | Temple   | Became a worshipper of Warmaster Okawaru
  3228 | D:4      | Reached skill level 5 in Maces & Flails
  4045 | D:4      | Noticed tamionv's ghost (amateur OpMo)
  4190 | D:5      | Entered Level 5 of the Dungeon
  4237 | D:5      | Noticed Eustachio
  4314 | D:5      | Killed Eustachio
  4314 | D:5      | Reached * piety under Okawaru
  4315 | D:5      | Reached XP level 8. HP: 27/48 MP: 8/8
  4492 | D:5      | Reached skill level 6 in Maces & Flails
  4597 | D:5      | Noticed Prince Ribbit
  4607 | D:5      | Found a hide-covered altar of Uskayaw.
  4607 | D:5      | Noticed a +0 dagger
  4608 | D:5      | Noticed a +0 hand axe
  5920 | D:6      | Reached skill level 5 in Fighting
  5920 | D:6      | Reached skill level 5 in Armour
  6132 | D:6      | Reached ** piety under Okawaru
  6704 | D:7      | Reached skill level 7 in Maces & Flails
  6811 | D:7      | Noticed Menkaure
  6822 | D:7      | Reached XP level 9. HP: 54/54 MP: 9/9
  6826 | D:7      | Noticed Harold
  7136 | D:7      | Found a white marble altar of Elyvilon.
  7200 | D:7      | Killed Harold
  7200 | D:7      | Reached *** piety under Okawaru
  7201 | D:7      | Reached skill level 8 in Maces & Flails
  7220 | D:7      | HP: 2/55 [centaur (4)]
  7222 | D:7      | Killed from afar by a white imp

Illustrated notes

Levels and vault maps discovered:
D:1:      dpeg_arrival_prison, layout_rooms
D:2:      layout_basic, nicolae_tso_carved_into_rock
D:3:      layout_loops_ring, lemuel_round_altar, marbit_many_paths,
          nicolae_overflow_hidden_temple, fedhas_altar_2,
          kennysheep_vampire_church
D:4:      layout_layer_cave, temple_fountains, gammafunk_ghost_icy, uniq_grinder
D:5:      layout_cave_pods, dancing_weapons_uskayaw, uniq_eustachio,
          uniq_prince_ribbit1
D:6:      layout_basic, serial_rivers, chequers_serial_rivers_micro_d,
          chequers_serial_rivers_small_a, chequers_serial_rivers_micro_d,
          chequers_serial_rivers_micro_d, chequers_serial_rivers_marsh,
          chequers_serial_rivers_marsh, grunt_decor_junction
D:7:      layout_loops_ring, grunt_temple_overflow_cloverleaf, elyvilon_altar_4,
          uniq_harold, uniq_menkaure
Temple:   jpeg_temple_island

Skill      XL: |  1  2  3  4  5  6  7  8  9 |
---------------+----------------------------+-----
Shields        | 4 5 6 7 |  7.5
Maces & Flails | 4 5 7 8 |  8.4
Fighting       | 4 5 6 |  6.0
Armour         | 4 5 |  5.9
Dodging        | 1 2 3 |  3.3
Stealth        | 1 |  1.5
Invocations    | |  0.1

Action                   |  1- 3 |  4- 6 |  7- 9 || total
-------------------------+-------+-------+-------++-------
Melee: Flail             |   123 |   177 |    44 ||   344
       Mace              |       |       |   455 ||   455
Invok: Heroism           |       |       |     1 ||     1
  Use: Scroll            |       |       |     2 ||     2
       Potion            |       |       |     2 ||     2
Armor: Scale mail        |    51 |   111 |   255 ||   417
Dodge: Dodged            |    39 |    69 |   147 ||   255
Block: Kite shield       |    62 |   108 |   255 ||   425
